 Dungeon Crawl Stone Soup version 0.27.1-4-g1640c2035a (webtiles) character file.

Game seed: 14878843125743029579

67 gabeu the Shield-Bearer (level 3, -4/33 HPs)
             Began as a Minotaur Fighter on Nov 3, 2021.
             Killed from afar by scsoc's ghost (16 damage)
             ... with a stone arrow
             ... on level 3 of the Dungeon.
             The game lasted 00:08:48 (2462 turns).

gabeu the Shield-Bearer (Minotaur Fighter)          Turns: 2462, Time: 00:08:49

Health: -4/33      AC:  7    Str: 21    XL:     3   Next: 98%
Magic:  2/2        EV:  7    Int:  5    God:
Gold:   120        SH: 10    Dex: 15    Spells: 2/2 levels left

rFire    . . .     SeeInvis .   a - +0 trident
rCold    . . .     Faith    .   c - +0 kite shield
rNeg     . . .     Spirit   .   b - +0 scale mail
rPois    .         Reflect  .   (helmet restricted)
rElec    .         Harm     .   (no cloak)
rCorr    .         Rampage  .   (no gloves)
Will     .....                  (no boots)
Stlth    ..........             (no amulet)
HPRegen  0.11/turn              h - +6 ring of dexterity
MPRegen  0.08/turn              (no ring)

@: no status effects
A: horns 2, retaliatory headbutt
a: no special abilities


You were on level 3 of the Dungeon.
You visited 1 branch of the dungeon, and saw 3 of its levels.

You collected 120 gold pieces.

Inventory:

Hand Weapons
 a - a +0 trident (weapon)
 g - a +0 club
Armour
 b - a +0 scale mail (worn)
 c - a +0 kite shield (worn)
Jewellery
 h - a +6 ring of dexterity (left hand)
Scrolls
 e - 6 scrolls of identify {unknown}
 f - a scroll of acquirement {unknown}
 j - a scroll of fog {unknown}
 k - 2 scrolls of amnesia {unknown}
 l - a scroll of vulnerability {unknown}
 p - a scroll of noise {unknown}
 q - a scroll of enchant weapon {unknown}
 r - a scroll of teleportation {unknown}
Potions
 d - a potion of might
 i - a potion of curing {unknown}
 m - a potion of lignification {unknown}
 n - a potion of haste {unknown}
 o - a potion of degeneration {unknown}


   Skills:
 + Level 4.1 Fighting
 * Level 3.7 Polearms
 + Level 4.1 Armour
 + Level 4.2 Shields


You had 2 spell levels left.
You didn't know any spells.
Your spell library was empty.

Dungeon Overview and Level Annotations

Branches:
Dungeon (3/15)

Altars:
Wu Jian

Annotations:
D:3 SquidGame's ghost, amateur TeBe; scsoc's ghost, amateur GrEE


Innate Abilities, Weirdness & Mutations

You have a pair of horns on your head.
You reflexively headbutt those who attack you in melee.


Message History

You miss SquidGame's ghost. SquidGame's ghost hits you.
Scsoc's ghost barely misses you. SquidGame's ghost hits you.
You barely miss SquidGame's ghost.
Scsoc's ghost points at you and mumbles some strange words.
You block the blast of sand. SquidGame's ghost barely misses you.
You furiously retaliate!
You headbutt SquidGame's ghost. You barely miss SquidGame's ghost.
You headbutt SquidGame's ghost.
SquidGame's ghost is lightly damaged.
Scsoc's ghost hits you. SquidGame's ghost hits you.
You are too injured to fight recklessly!
You are too injured to fight recklessly!
You are too injured to fight recklessly!
You are too injured to fight recklessly!
You are too injured to fight recklessly!
You are too injured to fight recklessly!
You are too injured to fight recklessly!
You are too injured to fight recklessly!
You are too injured to fight recklessly!
Scsoc's ghost gestures at you while chanting.
The blast of sand hits you but does no damage.
You block SquidGame's ghost's attack. You block scsoc's ghost's attack.
Scsoc's ghost keens inconsolably.
Scsoc's ghost hits you but does no damage.
You block scsoc's ghost's attack. You block SquidGame's ghost's attack.
SquidGame's ghost stares at you. SquidGame's ghost hits you.
There is a stone staircase leading up here.
You can't go down here!
SquidGame's ghost hits you but does no damage.
Scsoc's ghost casts a spell at you.
The blast of sand hits you but does no damage.
SquidGame's ghost closely misses you.
Scsoc's ghost gestures at you while chanting.
The blast of sand misses you. SquidGame's ghost hits you.
Scsoc's ghost gestures at you while chanting.
The stone arrow hits you!
You die...

#...# #........#...# #####
#........##.## #........##'######
#........#.......#
#................#
#................# ########
#...............<#
#......########.WW.[............
#..............@..###.##########
##.................# #.......#
...................# #..####.#
##.................# #..# #.#
#...<...........[.# #..####.# #
##.........>.......# #.....#.# #
...................####.##.######
...................'....##.#....'
...................#######....###


You could see SquidGame's ghost and scsoc's ghost.

Vanquished Creatures
  2 adders
  2 worms (D:3)
  A dart slug (D:2)
  An orc (D:3)
  7 ball pythons
  5 endoplasms
  2 giant cockroaches
  A hobgoblin (D:1)
  2 quokkas
  5 bats
  A frilled lizard (D:2)
  3 goblins
  3 kobolds (D:1)
  5 rats
40 creatures vanquished.

Vanquished Creatures (others)
  A fungus (D:1)
  6 withered plants (D:3)
7 creatures vanquished.

Grand Total: 47 creatures vanquished

Notes
Turn   | Place    | Note
-------+----------+-------------------------------------------
     0 | D:1      | gabeu the Minotaur Fighter began the quest for the Orb.
     0 | D:1      | Reached XP level 1. HP: 19/19 MP: 0/0
   130 | D:1      | Found a faded altar of an unknown god.
   217 | D:1      | Reached XP level 2. HP: 27/27 MP: 1/1
   805 | D:2      | Reached XP level 3. HP: 33/33 MP: 2/2
  1788 | D:3      | Found a runed translucent gate.
  1788 | D:3      | Found a runed translucent gate.
  1788 | D:3      | Found a runed translucent gate.
  1789 | D:3      | Noticed SquidGame's ghost (amateur TeBe)
  1789 | D:3      | Noticed scsoc's ghost (amateur GrEE)
  2290 | D:3      | Found an ornate altar of the Wu Jian Council.
  2462 | D:3      | Killed from afar by scsoc's ghost

Illustrated notes

Levels and vault maps discovered:
D:1:      sevenhm_arrival_forest_fort_large_2, layout_rooms,
          dreamdust_ecumenical_altar_grove
D:2:      layout_basic, minmay_split_cup_small
D:3:      layout_basic, nzn_wu_jian_council_hall, gammafunk_ghost_cemetery

Skill      XL: |  1  2  3 |
---------------+----------+-----
Fighting       | 4 |  4.1
Polearms       | 3 |  3.7
Shields        | 4 |  4.2
Armour         | 4 |  4.1

Action                   || total
-------------------------++-------
Melee: Trident           ||    77
       Headbutt          ||    12
Armor: Scale mail        ||    18
Dodge: Dodged            ||    12
Block: Kite shield       ||    26
